 Dungeon Crawl Stone Soup version 0.31.0-32-g396128a36d (webtiles) character file.

Game seed: 6111609472326682010

420 sadgrasan the Chopper (level 7, -2/55 HPs)
             Began as a Formicid Fighter on Mar 31, 2024.
             Slain by an orc wizard
             ... wielding a +0 dagger of electrocution
              (13 damage)
             ... on level 3 of the Dungeon.
             The game lasted 00:09:17 (2216 turns).

sadgrasan the Chopper (Formicid Fighter)            Turns: 2216, Time: 00:09:18

Health: -2/55      AC:  7    Str: 22    XL:     7   Next: 16%
Magic:  7/7        EV: 14    Int:  8    God:
Gold:   147        SH:  5    Dex: 13    Spells: 6/6 levels left

rFire   . . .        a - +0 war axe
rCold   . . .        c - +0 buckler
rNeg    . . .        b - +0 scale mail
rPois   .            (helmet unavailable)
rElec   .            (no cloak)
rCorr   .            (no gloves)
SInv    +            (no boots)
Will    .....        (no amulet) Stlth
                     o - +5 ring of evasion
HPRegen 0.29/turn    (no ring)
MPRegen 0.10/turn

%: no passive effects
@: no status effects
A: permanent stasis, dig shafts and tunnels, antennae 3, four strong arms
a: Dig, Shaft Self


You were on level 3 of the Dungeon.
You visited 1 branch of the dungeon, and saw 3 of its levels.

You collected 147 gold pieces.

Inventory:

Hand Weapons
 a - a +0 war axe (weapon)
Armour
 b - a +0 scale mail (worn)
 c - a +0 buckler (worn)
Jewellery
 o - a +5 ring of evasion (left hand)
Wands
 l - a wand of flame (6)
Scrolls
 f - a scroll of brand weapon {unknown}
 g - 3 scrolls of teleportation {unknown}
 h - a scroll of poison {unknown}
 i - 4 scrolls of identify {unknown}
 j - a scroll of fog {unknown}
 n - a scroll of enchant armour {unknown}
Potions
 d - a potion of might
 e - a potion of enlightenment {unknown}
 k - a potion of ambrosia {unknown}
 m - a potion of curing {unknown}
 p - a potion of lignification {unknown}
 q - 2 potions of heal wounds {unknown}


   Skills:
 + Level 4.5 Fighting
 + Level 5.2 Axes
 + Level 4.8 Armour
 + Level 4.9 Shields


You had 6 spell levels left.
You didn't know any spells.
Your spell library contained the following spells:

 Spells                   Type           Power      Damage    Failure   Level
 Foxfire                  Conj/Fire      0%         2x1d4     78%         1
 Summon Small Mammal      Summ           0%         N/A       78%         1
 Call Canine Familiar     Summ           0%         N/A       98%         3
 Ozocubu's Armour         Ice            0%         N/A       98%         3
 Summon Blazeheart Golem  Fire/Summ      0%         N/A       100%        4
 Metabolic Englaciation   Hex/Ice        0%         N/A       100%        5
 Plasma Beam              Fire/Air       0%         2x1d10    100%        6
 Sculpt Simulacrum        Ice/Alch       0%         N/A       100%        6
 Starburst                Conj/Fire      0%         6d3       100%        6


Dungeon Overview and Level Annotations

Branches:
Dungeon (3/15)

Altars:


Innate Abilities, Weirdness & Mutations

You cannot be hasted, slowed, berserked, paralysed or teleported.
You can dig through walls and to a lower floor.
You have a pair of large antennae on your head. (SInv)
Your four strong arms can wield two-handed weapons with a shield.


Message History

You slash the bombardier beetle!
The bombardier beetle is heavily wounded.
The bombardier beetle bites you.
You hit the bombardier beetle.
The bombardier beetle is severely wounded.
You block the bombardier beetle's attack.
You slash the bombardier beetle!
You kill the bombardier beetle!
There is a stone staircase leading up here.
g - 3 scrolls labelled ETEPUI JUERPHEPT (gained 1) HP restored.
Found an escape hatch in the ceiling.
You sense a monster nearby.
Found a stone staircase leading down.
q - 2 golden potions (gained 1)
You sense a monster nearby.
An orc wizard comes into view.
It is wielding a +0 dagger of electrocution.
The orc wizard shouts!
You hear a shout!
The orc wizard hits you with a +0 dagger of electrocution.
You barely miss the orc wizard.
The orc wizard points at you and mumbles some strange words.
The puff of flame hits you.
You hear a shout!
You miss the orc wizard. The orc wizard barely misses you.
An orc comes into view. It is wielding a +0 whip.
You barely miss the orc wizard.
The orc wizard hits you with a +0 dagger of electrocution.
You miss the orc wizard.
The orc wizard hits you but does no damage.
You are electrocuted!
The orc wizard points at you and mumbles some strange words.
You easily resist.
You hit the orc wizard but do no damage.
The orc wizard hits you but does no damage.
You are electrocuted!!
* * * LOW HITPOINT WARNING * * *
You barely miss the orc wizard.
The orc wizard hits you but does no damage.
You are electrocuted!
You die...

#### {.o# #o#
#########@#
#######.........#
..........>..#.....#
#######.#....#...#.#
#####....#..#.#.#.#
..
....#.......#.#.###
.# ##<.#.##.#<.#.#..
.. #.......#....###
# #.##...........


You could see an orc wizard and an orc.

Vanquished Creatures
  Sigmund (D:2)
  A bombardier beetle (D:3)
  Jessica (D:2)
  Natasha (thrice) (D:2)
  4 gnolls (D:2)
  4 adders
  A dart slug (D:1)
  2 ribbon worms (D:2)
  An orc (D:2)
  2 ball pythons
  7 bats
  5 endoplasms
  4 giant cockroaches
  3 goblins
  2 hobgoblins
  2 kobolds (D:2)
  A quokka (D:2)
  6 frilled lizards
  4 rats
54 creatures vanquished.

Notes
Turn   | Place    | Note
-------+----------+-------------------------------------------
     0 | D:1      | sadgrasan the Formicid Fighter began the quest for the Orb.
     0 | D:1      | Reached XP level 1. HP: 18/18 MP: 1/1
    96 | D:1      | Reached XP level 2. HP: 24/24 MP: 2/2
   632 | D:2      | Reached XP level 3. HP: 27/29 MP: 3/3
   781 | D:2      | Noticed Natasha
   794 | D:2      | Killed Natasha
   795 | D:2      | Reached XP level 4. HP: 29/37 MP: 4/4
  1062 | D:2      | Reached skill level 3 in Axes
  1193 | D:2      | Reached XP level 5. HP: 10/42 MP: 5/5
  1440 | D:2      | Noticed Sigmund
  1526 | D:2      | Killed Sigmund
  1527 | D:2      | Reached skill level 4 in Axes
  1527 | D:2      | Reached XP level 6. HP: 40/48 MP: 6/6
  1724 | D:2      | Noticed Jessica
  1730 | D:2      | Killed Jessica
  1961 | D:2      | Noticed Natasha
  1968 | D:2      | Killed Natasha
  1999 | D:2      | Noticed Natasha
  2006 | D:2      | Killed Natasha
  2007 | D:2      | Reached skill level 5 in Axes
  2007 | D:2      | Reached XP level 7. HP: 44/55 MP: 7/7
  2216 | D:3      | Slain by an orc wizard

Illustrated notes

Levels and vault maps discovered:
D:1:      psy_arrival_basics, layout_basic, minmay_worlds_worst_comb
D:2:      minmay_chambers_of_twos, layout_basic, minmay_joined_circles,
          uniq_jessica, uniq_natasha, uniq_sigmund
D:3:      layout_basic, serial_shops, shop, dk_vineyard_2, chequers_arboretum,
          serial_bayou_pond_b, interstate_on_off, chequers_serial_rivers_room_a,
          nicolae_concentric_dashed_squares_mild, uniq_ijyb,
          uniq_crazy_yiuf_cottage

Skill      XL: |  1  2  3  4  5  6 |
---------------+-------------------+-----
Axes           | 3 4 5 |  5.2
Armour         | 4 |  4.8
Fighting       | 4 |  4.5
Shields        | |  4.9

Action                     |  1- 3 |  4- 6 |  7- 9 || total
---------------------------+-------+-------+-------++-------
  Melee: War axe           |    44 |   114 |    31 ||   189
Ability: Dig               |     3 |       |       ||     3
 Armour: Scale mail        |    30 |    74 |    18 ||   122
  Dodge: Dodged            |    20 |    61 |    12 ||    93
  Block: Buckler           |    12 |    19 |     7 ||    38
